 Dungeon Crawl Stone Soup version 0.30-a0-719-gcc4359ea44 (webtiles) character file.

Game seed: 5751654658286382175

93966 drugrobin the Black Belt (level 15, -1/132 HPs)
             Began as a Demigod Delver on Jan 26, 2023.
             Slain by a harpy (6 damage)
             ... on level 3 of the Shoals on Jan 27, 2023.
             The game lasted 02:10:19 (28453 turns).

drugrobin the Black Belt (Demigod Delver)          Turns: 28453, Time: 02:10:20

Health: -1/132     AC: 15    Str: 19    XL:     15   Next: 19%
Magic:  19/31      EV: 11    Int: 24    God:
Gold:   2041       SH:  9    Dex: 19    Spells: 5/30 levels left

rFire   + + .      SeeInvis .      - Unarmed
rCold   + . .      Faith    .    L - +0 buckler
rNeg    + + .      Spirit   .    R - +5 ring mail of Lucidity {rF++ rC+ Str+2}
rPois   .          Reflect  +    Y - +1 hat "Kuacs" {Drain rN++ Regen+ Stlth+}
rElec   .          Harm     .    U - scarf {repulsion}
rCorr   .          Rampage  .    m - +2 pair of gloves
Will    +....                    S - +0 pair of boots {Fly}
Stlth   +++                      r - amulet of reflection
HPRegen 1.22/turn                T - ring of wizardry
MPRegen 0.22/turn                J - +4 ring of slaying

@: lethally poisoned (-1 -> -1), wereblooded, flying, very slightly
contaminated, repel missiles
A: high MP 1, forlorn, divine attributes
a: no special abilities


You were on level 3 of the Shoals.
You visited 4 branches of the dungeon, and saw 20 of its levels.
You also visited: Bailey.

You collected 2041 gold pieces.

Inventory:

Hand Weapons
 b - a +0 dagger of venom
 c - the +6 sling "Suimais" {flame, rPois Will+++ Int-2 Dex-3}
   (You found it on level 9 of the Dungeon)

   Int:       It affects your intelligence (-2).
   Dex:       It affects your dexterity (-3).
   rPois:     It protects you from poison.
   Will:      It greatly increases your willpower.
 E - a +1 falchion of flaming
Missiles
 N - 11 boomerangs (quivered)
Armour
 m - a +2 pair of gloves (worn)
 L - a +0 buckler (worn)
 M - the +1 chain mail of the Foremost Curses {rF+++ rN+ Int+2 Dex-2}
   (You found it on level 7 of the Dungeon)

   Int:       It affects your intelligence (+2).
   Dex:       It affects your dexterity (-2).
   rF:        It renders you almost immune to fire.
   rN:        It protects you from negative energy.
 R - the +5 ring mail of Lucidity (worn) {rF++ rC+ Str+2}
   (You found it in a bailey)

   Str:       It affects your strength (+2).
   rF:        It greatly protects you from fire.
   rC:        It protects you from cold.
 S - a +0 pair of boots of flying (worn)
 U - a scarf of repulsion (worn)
 Y - the +1 hat "Kuacs" (worn) {Drain rN++ Regen+ Stlth+}
   (You found it on level 9 of the Dungeon)

   rN:        It greatly protects you from negative energy.
   Regen:     It increases your rate of health regeneration.
   Drain:     It drains your maximum health when unequipped.
   Stlth:     It makes you more stealthy.
Magical Staves
 d - a staff of earth
 e - a staff of air
 D - a staff of poison
Jewellery
 r - an amulet of reflection (around neck)
 x - a ring of protection from cold
 A - a ring of protection from fire
 F - a ring of poison resistance
 J - a +4 ring of slaying (right hand)
 T - a ring of wizardry (left hand)
 W - a ring of protection from cold
Wands
 f - a wand of digging (3)
 i - a wand of quicksilver (20)
 z - a wand of iceblast (16)
 C - a wand of paralysis (6)
 V - a wand of polymorph (6)
 X - a wand of flame (35)
Scrolls
 a - 2 scrolls of immolation
 j - 7 scrolls of vulnerability
 l - 4 scrolls of fog
 p - 8 scrolls of teleportation
 t - 3 scrolls of blinking {unknown}
 v - 2 scrolls of amnesia
 w - a scroll of butterflies
 y - 3 scrolls of noise {unknown}
 G - 2 scrolls of poison
 I - 2 scrolls of magic mapping
 K - 2 scrolls of fear
Potions
 g - a potion of attraction
 h - 7 potions of brilliance
 k - 10 potions of curing
 n - 2 potions of invisibility
 o - a potion of flight
 q - a potion of resistance {unknown}
 s - 2 potions of heal wounds
 u - 4 potions of cancellation
 B - 6 potions of lignification
 H - 5 potions of might
Miscellaneous
 Q - a phantom mirror


   Skills:
 - Level 12.0 Fighting
 - Level 1.7 Dodging
 - Level 4.5 Stealth
 * Level 18.8 Unarmed Combat
 - Level 8.0 Spellcasting
 + Level 5.2 Conjurations
 - Level 8.0 Transmutations
 + Level 5.2 Fire Magic


You had 5 spell levels left.
You knew the following spells:

 Your Spells              Type           Power      Damage    Failure   Level
a - Frozen Ramparts       Ice            18%        1d3       19%         3
b - Kindle Blastsparks    Fire/Tloc/Air  34%        2d12      10%         3
c - Wereblood             Tmut           48%        N/A       1%          2
d - Poisonous Vapours     Pois/Air       18%        N/A       10%         2
e - Mephitic Cloud        Conj/Pois/Air  17%        N/A       10%         3
f - Stone Arrow           Conj/Erth      44%        3d9       6%          3
g - Blade Hands           Tmut           24%        N/A       6%          5
h - Sticky Flame          Conj/Fire      34%        2d5       8%          4

Your spell library contained the following spells:

 Spells                   Type           Power      Damage    Failure   Level
 Magic Dart               Conj           100%       1d8       1%          1
 Passwall                 Tmut/Erth      23%        N/A       1%          2
 Sandblast                Erth           18%        2d7       6%          1
 Hailstorm                Conj/Ice       22%        3d7       6%          3
 Inner Flame              Hex/Fire       22%        N/A       6%          3
 Call Imp                 Summ           9%         N/A       10%         2
 Cigotuvi's Dreadful Rot  Necr/Pois/Air  18%        N/A       10%         2
 Ensorcelled Hibernation  Hex/Ice        18%        N/A       10%         2
 Sublimation of Blood     Necr           9%         N/A       10%         2
 Ice Form                 Ice/Tmut       28%        N/A       12%         4
 Call Canine Familiar     Summ           9%         N/A       19%         3
 Portal Projectile        Hex/Tloc       18%        N/A       19%         3
 Swiftness                Air            9%         N/A       19%         3
 Tukima's Dance           Hex            9%         N/A       19%         3
 Yara's Violent Unravell  Hex/Tmut       14%        3d7       32%         5
 Animate Armour           Summ/Erth      18%        N/A       50%         4
 Animate Dead             Necr           9%         N/A       50%         4
 Cause Fear               Hex            4%         N/A       50%         4
 Leda's Liquefaction      Hex/Erth       4%         N/A       50%         4
 Olgreb's Toxic Radiance  Pois           9%         N/A       50%         4
 Passage of Golubria      Tloc           9%         N/A       50%         4
 Summon Ice Beast         Ice/Summ       9%         N/A       50%         4
 Summon Lightning Spire   Summ/Air       9%         N/A       50%         4
 Arcjolt                  Conj/Air       11%        1d21      50%         5
 Metabolic Englaciation   Hex/Ice        4%         N/A       83%         5
 Malign Gateway           Summ/Tloc      4%         N/A       100%        7
 Storm Form               Tmut/Air       14%        N/A       100%        7
 Summon Hydra             Summ           4%         N/A       100%        7
 Discord                  Hex            4%         N/A       100%        8
 Lehudib's Crystal Spear  Conj/Erth      11%        10d4      100%        8
 Maxwell's Capacitive Co  Air            4%         ∞         100%        8
 Summon Horrible Things   Summ           4%         N/A       100%        8
 Fire Storm               Conj/Fire      17%        8d4       100%        9


Dungeon Overview and Level Annotations

Branches:
Dungeon (11/15)            Temple (0/1) D:6            Lair (5/5) D:11
 Shoals (3/4) Lair:2        Snake (1/4) Lair:3        Slime (0/5) Lair:5
    Orc (0/2) D:10         Bailey (visited)

Shops:
D:1 :   D:4 =   D:5 *   D:11 (   Shoals:2 **

Annotations:
Shoals:2 3 runed translucent doors, exclusion: obsidian statue, ragingrage's ghost, journeyman TeAE


Innate Abilities, Weirdness & Mutations

You have an increased reservoir of magic. (+10% MP)
You shall have no god before yourself.
Your divine heritage dramatically boosts your attributes as you level up.


Message History

You howl as the wereblood boils in your veins!
You feel sick. The merfolk hits you with a +0 trident!
You barely miss the merfolk.
You feel sick. The merfolk hits you with a +0 trident!
You pummel the merfolk!!
The merfolk is heavily wounded.
You feel sick.
You barely miss the merfolk.
The merfolk is heavily wounded.
You feel sick. You block the merfolk's attack.
You miss the merfolk.
The merfolk is heavily wounded.
You feel sick. The merfolk misses you.
You hit the merfolk.
The merfolk is severely wounded.
You feel sick.
You barely miss the merfolk.
The merfolk is severely wounded.
You feel sick. The harpy claws you! The harpy claws you.
* * * LOW HITPOINT WARNING * * *
The merfolk hits you with a +0 trident!
* * * LOW HITPOINT WARNING * * *
Unknown command.
Unknown command.
Unknown command.
Unknown command.
Press: ? - help, v - describe, . - travel
Here: a merfolk, wielding a +0 trident and quivering boomerangs (severely wounded)
The floor, spattered with blood.
Unknown command.
Unknown command.
Unknown command.
You closely miss the merfolk.
The merfolk is severely wounded.
You feel sick. The harpy claws you!
* * * LOW HITPOINT WARNING * * *
The harpy claws you!
* * * LOW HITPOINT WARNING * * *
The harpy claws you.
You die...

.....~~~~~~~~≈≈
.........~~~~~~
.~~~........~~
..~~~........
...........##
............#
......†.....# #..# ~~~
............###..# ..~≈≈
.......H@...##...###.~~≈≈
.........m<..........~~≈≈
...........~...)~~.~~~≈≈≈
...........~~~~~~~~≈≈≈≈≈≈
....~.........~~~~~≈~~~~~
..............~~~~~~~~~~~
................~~~~~~~~~
..P..P...#####.~~~~~~~~.
........# #.~~)~~....


You could see a merfolk and a harpy.

Vanquished Creatures
  Mlioglotl (Snake:1)
  Gastronok (Lair:3)
  2 merfolk impalers
  Harold (D:10)
  3 hydras
  A salamander tyrant (Snake:1)
  2 anacondas
  3 merfolk aquamancers
  A centaur warrior (Shoals:1)
  2 alligators (Shoals:1)
  A merfolk avatar (Lair:5)
  4 alligator snapping turtles
  2 naga warriors (Snake:1)
  A naga sharpshooter (Snake:1)
  A satyr (Shoals:3)
  12 death yaks
  11 sea snakes
  A goliath frog (Shoals:1)
  3 naga ritualists (Snake:1)
  3 harpies
  A deep elf pyromancer (D:9)
  Pikel (D:4)
  An orc knight (Bailey)
  A deep elf zephyrmancer (D:9)
  4 mana vipers (Snake:1)
  6 manticores
  11 fauns
  3 cyclopes
  7 salamanders (Snake:1)
  4 merfolk sirens
  7 elephants
  15 black mambas
  Joseph (D:7)
  A water nymph (Shoals:2)
  12 cane toads
  2 naga magi (Snake:1)
  2 unseen horrors (D:10)
  A demonic crawler (D:11)
  10 komodo dragons
  A kobold demonologist (D:9)
  7 rime drakes
  4 trolls
  A polar bear (Lair:5)
  4 wind drakes
  18 merfolk
  Prince Ribbit (D:7)
  7 blink frogs
  5 dream sheep
  8 snapping turtles
  Sigmund (D:3)
  43 yaks
  5 wyverns
  A shadow (D:9)
  The ghost of Hubris850 the Covert, an amateur SpEn of Gozag (D:3)
  3 basilisks
  10 water elementals
  3 steam dragons
  A vampire mosquito (D:10)
  9 nagas (Snake:1)
  2 acid dragons
  Menkaure (D:7)
  2 swamp worms (D:11)
  Duvessa (D:4)
  17 water moccasins
  16 orc warriors
  An ice beast (D:7)
  3 black bears
  A swamp drake (D:9)
  2 ogres
  9 wolves
  5 centaurs
  2 lemures (D:5)
  4 kobold brigands
  2 necrophages (D:5)
  Blork the orc (D:5)
  A gnoll sergeant (D:9)
  9 bullfrogs
  A scorpion (D:5)
  8 wights
  Dowan (D:4)
  6 killer bees
  3 howler monkeys
  2 electric eels (Lair:5)
  A crimson imp (D:9)
  7 hounds
  An iron imp (D:9)
  5 orc priests
  2 centaur zombies (D:3)
  16 jellies
  A bullfrog skeleton (D:3)
  Jessica (D:3)
  A gnoll bouda (D:7)
  Terence (D:2)
  2 iguanas
  Natasha (thrice) (D:2)
  10 orc wizards
  6 hell rats
  Robin (D:2)
  11 gnolls
  6 adders
  A shadow imp (D:9)
  3 ufetubi
  A worm (D:3)
  6 dart slugs
  43 orcs
  5 endoplasms
  3 giant cockroaches
  17 goblins
  9 hobgoblins
  2 jackals
  3 quokkas
  6 ball pythons
  2 bats (D:2)
  3 frilled lizards
  27 kobolds
  3 rats
588 creatures vanquished.

Vanquished Creatures (others)
  An orc wizard (D:9)
  A white imp (D:9)
  2 orcs (D:9)
  48 fungi
  150 plants
202 creatures vanquished.

Grand Total: 790 creatures vanquished

Notes
Turn   | Place    | Note
-------+----------+-------------------------------------------
     0 | D:5      | drugrobin the Demigod Delver began the quest for the Orb.
     0 | D:5      | Reached XP level 1. HP: 18/18 MP: 3/3
    12 | D:5      | Noticed Blork the orc
    42 | D:5      | Noticed a black bear
    51 | D:5      | Noticed a scorpion
    74 | D:5      | Noticed a necrophage
    84 | D:4      | Noticed an ogre
   125 | D:3      | Noticed Jessica
   128 | D:3      | Noticed an orc wizard
   136 | D:3      | Noticed Robin
   279 | D:2      | Noticed Terence
   326 | D:2      | Reached skill level 2 in Unarmed Combat
   354 | D:2      | Reached XP level 2. HP: 24/25 MP: 4/4
   912 | D:1      | Found Munwyips's Book Boutique.
  1054 | D:1      | Reached XP level 3. HP: 31/31 MP: 5/5
  1100 | D:1      | Reached skill level 3 in Unarmed Combat
  1314 | D:2      | Identified the +1 robe of Edeisked {rC+ Regen+ Archmagi}
  1504 | D:2      | Noticed Natasha
  1508 | D:2      | Killed Natasha
  1521 | D:2      | Killed Terence
  1522 | D:2      | Reached XP level 4. HP: 25/38 MP: 6/6
  1582 | D:2      | Noticed Natasha
  1596 | D:2      | Killed Natasha
  1655 | D:3      | Killed Jessica
  1656 | D:3      | Reached skill level 4 in Unarmed Combat
  1750 | D:2      | Killed Robin
  1777 | D:3      | Reached XP level 5. HP: 46/46 MP: 7/7
  1910 | D:3      | Noticed Sigmund
  1970 | D:2      | Noticed Natasha
  1976 | D:2      | Killed Natasha
  2348 | D:5      | Killed a black bear
  2349 | D:5      | Reached skill level 5 in Unarmed Combat
  2349 | D:5      | Reached XP level 6. HP: 41/53 MP: 8/8
  2387 | D:5      | Got the Grimoire of the Tropics and Firn
  2392 | D:5      | Learned a level 3 spell: Frozen Ramparts
  2418 | D:5      | Found Eqearch's Neck Hole.
  2713 | D:5      | Noticed Pikel
  2928 | D:4      | Found Isees's Jewellery Emporium.
  2932 | D:4      | Noticed Dowan
  3254 | D:3      | Found a runed translucent gate.
  3254 | D:3      | Found a runed translucent gate.
  3254 | D:3      | Found a runed translucent gate.
  3259 | D:3      | Noticed Hubris850's ghost (amateur SpEn)
  3339 | D:3      | Reached skill level 1 in Spellcasting
  3599 | D:4      | Noticed Duvessa
  3615 | D:4      | Reached skill level 6 in Unarmed Combat
  3615 | D:4      | Reached XP level 7. HP: 60/60 MP: 11/11
  3632 | D:4      | Killed Duvessa
  3636 | D:4      | Killed Dowan
  3637 | D:4      | Reached skill level 5 in Fighting
  3827 | D:4      | Learned a level 3 spell: Kindle Blastsparks
  4605 | D:5      | Reached skill level 7 in Unarmed Combat
  4773 | D:4      | Killed Pikel
  4774 | D:4      | Reached XP level 8. HP: 64/70 MP: 16/16
  5020 | D:5      | Killed Blork the orc
  5162 | D:6      | Reached skill level 8 in Unarmed Combat
  5626 | D:6      | Learned a level 2 spell: Wereblood
  5629 | D:6      | Found a staircase to the Ecumenical Temple.
  6353 | D:7      | Noticed Menkaure
  6550 | D:7      | Reached XP level 9. HP: 57/76 MP: 15/18
  6604 | D:7      | Killed Menkaure
  6605 | D:7      | Reached skill level 9 in Unarmed Combat
  6825 | D:7      | Noticed Prince Ribbit
  6848 | D:7      | Killed Prince Ribbit
  7031 | D:7      | Noticed Joseph
  7066 | D:7      | Killed Joseph
  7153 | D:7      | Identified the +1 chain mail of the Foremost Curses {rF+++
                  | rN+ Int+2 Dex-2}
  7449 | D:7      | Learned a level 2 spell: Poisonous Vapours
  7453 | D:7      | Learned a level 3 spell: Mephitic Cloud
  7475 | D:7      | Learned a level 3 spell: Stone Arrow
  7810 | D:7      | Reached skill level 10 in Unarmed Combat
  7810 | D:7      | Reached skill level 1 in Conjurations
  8179 | D:3      | Killed Hubris850's ghost
  8644 | D:3      | Killed Sigmund
  8786 | D:8      | Found a flagged portal.
  8802 | Bailey   | Entered a bailey
  8874 | Bailey   | Noticed an orc knight
  8876 | Bailey   | Identified the +9 hand axe of Wofadida {antimagic, Will+
                  | Str+3 Dex+2}
  9148 | Bailey   | Killed an orc knight
  9149 | Bailey   | Reached skill level 11 in Unarmed Combat
  9149 | Bailey   | Reached XP level 10. HP: 59/86 MP: 1/19
  9351 | Bailey   | Identified the +5 ring mail of Lucidity {rF++ rC+ Str+2}
 10770 | D:8      | Reached skill level 1 in Transmutations
 11145 | D:8      | Reached skill level 12 in Unarmed Combat
 11455 | D:9      | Noticed a sixfirhy
 11585 | D:9      | Identified the +6 sling "Suimais" {flame, rPois Will+++
                  | Int-2 Dex-3}
 11671 | D:9      | Noticed a deep elf pyromancer
 11715 | D:9      | Killed a deep elf pyromancer
 11875 | D:9      | Noticed a deep elf zephyrmancer
 11882 | D:9      | Killed a deep elf zephyrmancer
 11883 | D:9      | Identified the +1 hat "Kuacs" {Drain rN++ Regen+ Stlth+}
 11883 | D:9      | Identified the +1 hat of Articulation {Dex+2}
 12264 | D:10     | Entered Level 10 of the Dungeon
 12500 | D:10     | Reached XP level 11. HP: 83/92 MP: 7/20
 12535 | D:10     | Reached skill level 13 in Unarmed Combat
 12944 | D:10     | Noticed Harold
 13247 | D:10     | Killed Harold
 13368 | D:10     | Found a staircase to the Orcish Mines.
 13735 | D:11     | Found Unaotyf's Antique Weapon Shop.
 13977 | D:11     | Reached skill level 14 in Unarmed Combat
 14232 | D:11     | Reached skill level 5 in Transmutations
 14311 | D:11     | Got the Papyrus of the Discharge
 14347 | D:11     | Found a staircase to the Lair.
 14400 | Lair:1   | Entered Level 1 of the Lair of Beasts
 14835 | Lair:1   | Reached skill level 1 in Fire Magic
 15461 | Lair:2   | Reached XP level 12. HP: 89/103 MP: 13/21
 15592 | Lair:2   | Noticed a six-headed hydra
 15610 | Lair:2   | Killed a six-headed hydra
 16363 | Lair:2   | Found a staircase to the Shoals.
 16647 | Lair:3   | Reached skill level 15 in Unarmed Combat
 17220 | Lair:3   | Noticed Gastronok
 17284 | Lair:3   | Found a staircase to the Snake Pit.
 18357 | Lair:3   | Killed Gastronok
 18711 | Lair:4   | Reached XP level 13. HP: 102/111 MP: 24/24
 19174 | Lair:4   | Reached skill level 5 in Spellcasting
 19191 | Lair:4   | Reached skill level 16 in Unarmed Combat
 19766 | Lair:5   | Entered Level 5 of the Lair of Beasts
 20129 | Lair:5   | Reached skill level 10 in Fighting
 20226 | Lair:5   | Learned a level 5 spell: Blade Hands
 20240 | Lair:5   | Identified the +0 scale mail of the Great Game {Harm rC+}
 20623 | Lair:5   | Found a staircase to the Slime Pits.
 22208 | Snake:1  | Entered Level 1 of the Snake Pit
 22227 | Snake:1  | Noticed Mlioglotl
 22270 | Snake:1  | Killed Mlioglotl
 22610 | Snake:1  | Reached skill level 17 in Unarmed Combat
 22833 | Snake:1  | Reached XP level 14. HP: 91/122 MP: 23/28
 24082 | Snake:1  | Noticed a nagaraja
 24276 | Shoals:1 | Entered Level 1 of the Shoals
 25096 | Shoals:1 | Reached skill level 18 in Unarmed Combat
 26190 | Shoals:2 | Learned a level 4 spell: Sticky Flame
 26829 | Shoals:2 | Got Rezulosm's Codex of Peccant Sinister Ceremonies
 26859 | Shoals:2 | Found a runed translucent gate.
 26859 | Shoals:2 | Found a runed translucent gate.
 26859 | Shoals:2 | Found a runed translucent gate.
 27646 | Shoals:2 | Found Naasal's Assorted Antiques.
 27646 | Shoals:2 | Found Uxtoosu's Assorted Antiques.
 27646 | Shoals:2 | Noticed ragingrage's ghost (journeyman TeAE)
 27887 | Shoals:3 | Reached XP level 15. HP: 122/132 MP: 19/31
 28208 | Shoals:3 | Reached skill level 5 in Conjurations
 28217 | Shoals:3 | Reached skill level 5 in Fire Magic
 28453 | Shoals:3 | HP: 5/132 [harpy (7)]
 28453 | Shoals:3 | Slain by a harpy

Illustrated notes

Levels and vault maps discovered:
D:1:      ncdulo_watergridlock, layout_basic, serial_shops, shop
D:2:      layout_loops_cross, shapermc_ecumenical_altar_mp_urbaneastern,
          basic_altar, nrook_campfire, uniq_natasha, uniq_terence
D:3:      layout_loops_ring, mainiacjoe_overflow_small_starburst, slow_altar_2,
          gammafunk_ghost_necromancy, uniq_robin, uniq_sigmund, uniq_jessica
D:4:      layout_loops_ring, worldfamousw_hep_ancestral_shrine,
          amcnicky_altar_gilded, overflow_temple_1_default, serial_shops,
          nicolae_shop_stone, minmay_liquid_box, hangedman_minor_gate_pass,
          uniq_duvessa
D:5:      layout_loops_ring, lemuel_doored_altar,
          nicolae_shop_sticking_my_neck_out, uniq_pikel, uniq_blork_the_orc
D:6:      layout_layer_cave, minmay_temple_entry_hall
D:7:      layout_loops_corners, chequers_mini_garden, uniq_joseph,
          uniq_menkaure, uniq_prince_ribbit1
D:8:      layout_basic, makhleb_blood_cavern_becter, lemuel_crystal_altar,
          enter_bailey_5, chequers_serial_rivers_micro_c
D:9:      layout_irregular_city, nicolae_wu_jian_wuxing_cycle,
          overflow_temple_1_default, hangedman_minor_magic
D:10:     layout_loops_cross, david_orc_2, kennysheep_kite_vault, uniq_harold
D:11:     layout_loops_ring, erik_lair_island, serial_shops,
          nicolae_shop_hallway_plus, chequers_serial_rivers_marsh, minmay_holes,
          worms_lemuel
Lair:1:   layout_loops_ring, serial_bayou_shore_b
Lair:2:   layout_loops_ring, elwin_shoals_entry_rocks, bh_autumn_forest_stairs,
          lemuel_fruit_tree
Lair:3:   layout_long_grid, minmay_snake_entry_six_corridors,
          beast_lair_carwin_2, serial_bayou_shore_b, uniq_gastronok
Lair:4:   layout_small_grid
Lair:5:   gammafunk_lair_ancient_temple, layout_cellular_growth,
          minmay_slime_entry_jelly_boxes, infiniplex_staircase_pool,
          serial_bayou_shore_a
Shoals:1: layout_shoals, nicolae_shoals_goliath_grotto
Shoals:2: layout_shoals, ebering_ghost_gozag
Shoals:3: cheibrodos_shoals_three_sisters, layout_shoals
Snake:1:  layout_rooms, nicolae_snake_snakewalk, uniq_mlioglotl

Skill      XL: |  1  2  3  4  5  6  7  8  9 10 11 12 13 14 15 |
---------------+----------------------------------------------+-----
Unarmed Combat | 2 3 4 5 6 7 8 11 12 14 15 17 18 | 18.8
Fighting       | 3 4 5 6 7 8 9 10 12 | 12.0
Spellcasting   | 1 3 4 6 8 |  8.0
Conjurations   | 3 4 5 |  5.2
Transmutations | 3 5 7 8 |  8.0
Fire Magic     | 2 4 5 |  5.2
Dodging        | |  1.7
Stealth        | |  4.5

Action                     |  1- 3 |  4- 6 |  7- 9 | 10-12 | 13-15 || total
---------------------------+-------+-------+-------+-------+-------++-------
  Melee: Unarmed           |     8 |    36 |   217 |   816 |   878 ||  1955
         Dagger            |    54 |   226 |    93 |    27 |    12 ||   412
         Punch             |     2 |     5 |    20 |    26 |    19 ||    72
         Staff             |       |       |       |       |    15 ||    15
   Fire: Sling             |       |    31 |    71 |    13 |     4 ||   119
  Throw: Dart              |       |    10 |    10 |     2 |       ||    22
         Boomerang         |       |       |    27 |    55 |    28 ||   110
         Throwing net      |       |       |       |       |     2 ||     2
   Cast: Frozen Ramparts   |       |     1 |     2 |       |     2 ||     5
         Kindle Blastspark |       |       |    18 |    15 |    19 ||    52
         Poisonous Vapours |       |       |    21 |    41 |    85 ||   147
         Mephitic Cloud    |       |       |     3 |    17 |    22 ||    42
         Stone Arrow       |       |       |     1 |    52 |   118 ||   171
         Wereblood         |       |       |     1 |     7 |     3 ||    11
         Blade Hands       |       |       |       |       |    24 ||    24
         Sticky Flame      |       |       |       |       |     3 ||     3
  Evoke: Wand              |       |       |     4 |     2 |    11 ||    17
         Phantom mirror    |       |       |       |     1 |       ||     1
    Use: Scroll            |     1 |       |    12 |     3 |     7 ||    23
         Potion            |     1 |       |     1 |       |     2 ||     4
   Stab: Sleeping          |     7 |       |     7 |     2 |     4 ||    20
         Distracted        |       |     1 |       |       |     1 ||     2
         Confused          |       |       |     1 |    13 |    20 ||    34
         Paralysed         |       |       |       |     3 |       ||     3
         Held in net/web   |       |       |       |       |     2 ||     2
 Armour: Leather armour    |    19 |       |       |       |       ||    19
         Scale mail        |     6 |       |       |       |       ||     6
         Robe              |       |    96 |    64 |    21 |       ||   181
         Ring mail         |       |       |       |   128 |   203 ||   331
  Dodge: Dodged            |    48 |   140 |   198 |   448 |   387 ||  1221
         Repelled          |       |       |       |     5 |    13 ||    18
  Block: Other             |       |       |    29 |    67 |    21 ||   117
         Reflection        |       |       |     3 |    14 |    41 ||    58
         Buckler           |       |       |       |   169 |   245 ||   414

Table legend: (Time is in decaauts)
 A = Elapsed time spent in this place.
 B = Non-inter-level travel time spent in this place.
 C = Inter-level travel time spent in this place.
 D = Time resting spent in this place.
 E = Time spent auto-exploring this place.
 F = Levels seen in this place.
 G = Mean time per level.
                   A        B        C        D        E       F      G
               +--------+--------+--------+--------+--------+-----+--------+
         Total |  28077 |  26342 |   1735 |   1795 |  16223 |  21 | 1337.0 |
       Dungeon |  13312 |  12293 |   1019 |    482 |   7986 |  11 | 1210.2 |
          Lair |   8084 |   7455 |    629 |    554 |   4702 |   5 | 1616.8 |
        Shoals |   4072 |   3987 |     85 |    696 |   2076 |   3 | 1357.3 |
     Snake Pit |   1598 |   1598 |      0 |     63 |    943 |   1 | 1598.0 |
        Bailey |   1009 |   1009 |      0 |      0 |    515 |   1 | 1009.0 |
               +--------+--------+--------+--------+--------+-----+--------+

Top non-repeatable levels by time:
  Lair:3: 2367 daAuts
  Lair:5: 1956 daAuts
Shoals:2: 1943 daAuts
     D:7: 1806 daAuts
Shoals:1: 1783 daAuts
     D:3: 1653 daAuts
 Snake:1: 1598 daAuts
  Lair:4: 1487 daAuts
     D:8: 1430 daAuts
     D:9: 1288 daAuts
     D:6: 1232 daAuts
  Lair:1: 1228 daAuts
    D:10: 1216 daAuts
     D:5: 1152 daAuts
     D:4: 1151 daAuts
